 Dungeon Sprint DCSS version 0.28.0-47-ge53b351184 (webtiles) character file.

Game seed: 17519657726463813250

428 Hrothgar the Covert (level 6, 0/56 HPs)
             Began as a Draconian Brigand on May 1, 2022.
             Was an Initiate of Yredelemnul.
             Succumbed to Sonja's curare-tipped dart
             ... in the Dungeon (Sprint I: "Red Sonja").
             The game lasted 00:02:20 (139 turns).

Hrothgar the Covert (Draconian Brigand)              Turns: 139, Time: 00:02:20

Health: 0/56       AC:  7    Str: 14    XL:     6   Next: 65%
Magic:  6/6        EV: 13    Int: 11    God:    Yredelemnul [......]
Gold:   297        SH:  0    Dex: 14    Spells: 5/5 levels left

rFire   . . .      SeeInvis .   a - +2 dagger
rCold   . . .      Faith    .   (no shield)
rNeg    . . .      Spirit   .   (armour unavailable)
rPois   .          Reflect  .   (helmet restricted)
rElec   .          Harm     .   b - +0 cloak
rCorr   .          Rampage  .   (no gloves)
Will    .....      NoTele   +   (no boots)
Stlth   +++++.....              (no amulet)
HPRegen 0.18/turn               (no ring)
MPRegen 0.10/turn               (no ring)

@: lethally poisoned (0 -> -5), slowed, very slow
A: AC +6, unfitting armour, cold-blooded
a: Renounce Religion, Recall Undead Harvest


You were in the Dungeon.
You worshipped Yredelemnul.
Yredelemnul was noncommittal.
You visited 1 branch You collected 297 gold pieces.

Inventory:

Hand Weapons
 a - a +2 dagger (weapon)
Missiles
 c - 8 poisoned darts (quivered)
Armour
 b - a +0 cloak (worn)
Wands
 d - a wand of flame (28)
Potions
 g - 3 potions of haste
 h - 2 potions of magic
 i - a potion of berserk rage


   Skills:
 * Level 5.1 Fighting
 * Level 4.8 Short Blades
 * Level 4.2 Throwing
 * Level 4.2 Dodging
 * Level 11.8 Stealth


You had 5 spell levels left.
You didn't know any spells.
Your spell library contained the following spells:

 Spells                   Type           Power      Damage    Failure   Level
 Confusing Touch          Hex            0%         N/A       71%         3
 Yara's Violent Unravell  Hex/Tmut       0%         3d3       100%        5
 Enfeeble                 Hex            0%         N/A       100%        7


Dungeon Overview and Level Annotations

Branches:
Dungeon (1/1)

Altars:
Cheibriados
Dithmenos
Elyvilon
Fedhas
Gozag
Hepliaklqana
Kikubaaqudgha
Nemelex Xobeh
Okawaru
Qazlal
Ru
Sif Muna
Trog
Uskayaw
Vehumet
Wu Jian
Yredelemnul
Zin
The Shining One

Shops:
D [

Annotations:
D Sonja


Innate Abilities, Weirdness & Mutations

Your plain brown scales are hard. (AC +6)
You cannot fit into any form of body armour.
You are cold-blooded and may be slowed by cold attacks.


Message History

Throw: 2 darts (curare)
Press: ? - help, Q - select action, (/) - cycle Shift-Dir - straight line, f - Sonja
Aim: Sonja, wielding a +0 dagger of distortion and quivering curare-tipped darts (16% to hit)
You throw a curare-tipped dart. The curare-tipped dart hits Sonja.
Sonja is poisoned.
Sonja convulses.
Sonja seems to slow down.
Sonja is moderately wounded.
Sonja throws a curare-tipped dart.
The curare-tipped dart hits you.
You are poisoned.
You have difficulty breathing.
You feel yourself slow down.
Throw: dart (curare)
Press: ? - help, Q - select action, (/) - cycle Shift-Dir - straight line, f/p - Sonja
Aim: Sonja, wielding a +0 dagger of distortion and quivering curare-tipped darts (moderately wounded, very poisoned, slow, 16% to hit)
You throw a curare-tipped dart.
The curare-tipped dart closely misses Sonja.
You feel very sick.
You hit Sonja but do no damage.
Your tail-slap misses Sonja.
Sonja is moderately wounded.
You feel very sick.
Sonja gestures wildly while chanting.
Sonja blinks!
You hit Sonja.
Sonja is moderately wounded.
You feel very sick.
Sonja hits you with a +0 dagger of distortion. x3
Space warps horribly around you!
* * * LOW HITPOINT WARNING * * *
Unknown command.
You feel much better.
You feel sick.
Sonja hits you with a +0 dagger of distortion.
Space warps horribly around you!!
* * * LOW HITPOINT WARNING * * *
Sonja hits you but does no damage. Space warps around you.
* * * LOW HITPOINT WARNING * * *
Sonja hits you with a +0 dagger of distortion.
* * * LOW HITPOINT WARNING * * *
You completely miss Sonja.
Sonja is heavily wounded.
You die...
Your body rises from the dead as a mindless zombie.

#<.#..'..#.)'..#
#..'..#.)'..#..+
#..#####'#####'#
#.)####..#...#.#
#..#__####..##.#
#..#_____##'#_.+
#⌠⌠#_.∩..†'..._#
####_..__##_K#'#
#_____###@#)#
####### #.###
$($ #$.$# ##(##
#+#


You could see Sonja (very poisoned, slow).

Vanquished Creatures
  Sigmund (D)
  A yak (D)
  An ogre (D)
  A jelly (D)
  Ijyb (D)
5 creatures vanquished.

Notes
Turn   | Place    | Note
-------+----------+-------------------------------------------
     0 | D        | Hrothgar the Draconian Brigand began the quest for the Orb.
     0 | D        | Reached XP level 1. HP: 17/17 MP: 1/1
     6 | D        | Noticed Ijyb
    14 | D        | Killed Ijyb
    15 | D        | Reached skill level 1 in Dodging
    15 | D        | Reached skill level 5 in Stealth
    15 | D        | Reached XP level 2. HP: 25/25 MP: 2/2
    24 | D        | Noticed an ogre
    28 | D        | Killed an ogre
    29 | D        | Reached skill level 7 in Stealth
    29 | D        | Reached XP level 3. HP: 31/31 MP: 3/3
    29 | D        | Reached XP level 4. HP: 39/39 MP: 4/4
    40 | D        | Noticed Sigmund
    43 | D        | Killed Sigmund
    44 | D        | Reached skill level 10 in Stealth
    44 | D        | Reached XP level 5. HP: 47/47 MP: 5/5
    58 | D        | Found an ornate altar of the Wu Jian Council.
    58 | D        | Found a shimmering blue altar of Sif Muna.
    60 | D        | Found a radiant altar of Vehumet.
    66 | D        | Reached XP level 6. HP: 53/53 MP: 6/6
   111 | D        | Found Goanaopp's Armour Emporium.
   111 | D        | Found an ancient bone altar of Kikubaaqudgha.
   111 | D        | Found a hazy altar of Hepliaklqana.
   111 | D        | Found a stormy altar of Qazlal.
   111 | D        | Found a hide-covered altar of Uskayaw.
   111 | D        | Found a blossoming altar of Fedhas.
   111 | D        | Found a bloodstained altar of Trog.
   111 | D        | Found an iron altar of Okawaru.
   111 | D        | Found a basalt altar of Yredelemnul.
   111 | D        | Found a glowing golden altar of the Shining One.
   111 | D        | Found a snail-covered altar of Cheibriados.
   111 | D        | Found a sacrificial altar of Ru.
   111 | D        | Found a glowing silver altar of Zin.
   111 | D        | Found a shadowy altar of Dithmenos.
   111 | D        | Found a white marble altar of Elyvilon.
   111 | D        | Noticed a yak
   112 | D        | Found an opulent altar of Gozag.
   113 | D        | Killed a yak
   114 | D        | Reached skill level 5 in Fighting
   114 | D        | Reached skill level 11 in Stealth
   114 | D        | Found a sparkling altar of Nemelex Xobeh.
   121 | D        | Became a worshipper of Yredelemnul the Dark
   132 | D        | Noticed Sonja
   138 | D        | HP: 2/56 [Sonja/+0 dagger of distortion (5)]
   139 | D        | Succumbed to Sonja's curare-tipped dart

Illustrated notes

Levels and vault maps discovered:
D:        dungeon_sprint_1 [red_sonja_temple_1, red_sonja_temple_small_1]

Skill      XL: |  1  2  3  4  5  6 |
---------------+-------------------+-----
Throwing       | 2 3 4 |  4.2
Dodging        | 1 2 3 4 |  4.2
Stealth        | 5 7 10 11 | 11.8
Fighting       | 3 4 5 |  5.1
Short Blades   | 3 4 |  4.8

Action                   |  1- 3 |  4- 6 || total
-------------------------+-------+-------++-------
Melee: Dagger            |     2 |     6 ||     8
       Tailslap          |     1 |       ||     1
Throw: Dart              |     2 |     2 ||     4
  Use: Potion            |     1 |     1 ||     2
       Scroll            |     1 |       ||     1
 Stab: Sleeping          |     1 |     3 ||     4
Armor: Skin              |       |     1 ||     1
Dodge: Dodged            |     1 |       ||     1
